 Dungeon Crawl Stone Soup version 0.17.2-1-ge4368a0 (webtiles) character file.

18696 magog001 the Blocker (level 12, -11/110 HPs)
             Began as a Hill Orc Fighter on Oct 3, 2016.
             Was an Initiate of Ru.
             Mangled by Urug
             ... wielding a +0 great sword of holy wrath
              (14 damage)
             ... on level 2 of the Lair of Beasts.
             The game lasted 01:54:15 (17423 turns).

magog001 the Blocker (Hill Orc Fighter)            Turns: 17423, Time: 01:54:15

Health: -11/110    AC: 19    Str: 24    XL:     12   Next: 61%
Magic:  12/12      EV: 10    Int: 13    God:    Ru [......]
Gold:   458        SH:  0    Dex: 10    Spells: 0 memorised, 11 levels left

rFire  + . .     SeeInvis .     y - +2 mace (drain)
rCold  + . .     Clarity  +     G - +0 chain mail
rNeg   . . .     SustAt   .     (no shield)
rPois  +         Gourm    .     o - +2 hat
rElec  +         Spirit   .     B - +0 cloak
rCorr  +         Warding  .     A - +1 pair of gloves
rMut   .         Stasis   .     t - +0 pair of boots
MR     .....                    j - amulet of clarity
Stlth  ..........               x - ring of invisibility
                                l - ring of stealth

@: brilliant, resistant, not resistant to hostile enchantments, extremely
unstealthy
A: disrupted magic 1
a: Sacrifice Resistance, Sacrifice Courage, Sacrifice Durability, Reject
Sacrifices, Renounce Religion, Evoke Invisibility


You were on level 2 of the Lair of Beasts.
You worshipped Ru.
Ru was noncommittal.
You were not hungry.

You visited 2 branches of the dungeon, and saw 12 of its levels.
You also visited: Sewer.

You collected 702 gold pieces.
You spent 244 gold pieces at shops.

Inventory:

Hand Weapons
 y - a +2 mace of draining (weapon)
 L - a +0 shortbow
 N - a +1 flail of draining
 T - the +3 great sword of Xoxkeup {drain, *Corrode rPois Str+4 SInv}
   (You found it on level 7 of the Dungeon)

   A truly terrible weapon, it drains the life of those it strikes.
   It affects your strength (+4).
   It protects you from poison.
   It lets you see invisible.
   It may corrode your equipment when you take damage.
Missiles
 k - 84 poisoned needles
 p - 7 needles of paralysis
 s - 12 tomahawks (quivered)
 v - 176 arrows
 C - 13 poisoned arrows
 J - 15 arrows of flame
Armour
 c - a +2 shield
 o - a +2 hat (worn)
 t - a +0 pair of boots (worn)
 A - a +1 pair of gloves (worn)
 B - a +0 cloak (worn)
 G - a +0 chain mail (worn)
Magical Staves
 a - an uncursed staff of air {unknown}
 H - an uncursed staff of poison {unknown}
Jewellery
 e - an uncursed amulet of resist corrosion {unknown}
 j - an amulet of clarity (around neck)
 l - a ring of stealth (left hand)
 n - an uncursed ring of positive energy {unknown}
 x - a ring of invisibility (right hand)
 O - an uncursed amulet of resist mutation
Wands
 d - a wand of digging (15)
 f - a wand of magic darts (26)
 D - a wand of fire (0)
 E - a wand of flame (4)
 Q - a wand of cold (5)
Scrolls
 m - 3 scrolls of remove curse
 u - 4 scrolls of teleportation
 w - 2 scrolls of identify
 S - a scroll of recharging {unknown}
 W - a scroll of brand weapon {unknown}
 Y - a scroll of amnesia
Potions
 h - a potion of mutation {unknown}
 I - 2 potions of flight
 K - a potion of magic
 R - a potion of berserk rage {unknown}
Books
 r - a book of Flames

   Spells                             Type                      Level
   a - Flame Tongue                   Conjuration/Fire             1
   b - Throw Flame                    Conjuration/Fire             2
   c - Conjure Flame                  Conjuration/Fire             3
   d - Inner Flame                    Hexes/Fire                   3
   e - Sticky Flame                   Conjuration/Fire             4
   f - Fireball                       Conjuration/Fire             5
 P - a book of Annihilations

   Spells                             Type                      Level
   a - Poison Arrow                   Conjuration/Poison           6
   b - Chain Lightning                Conjuration/Air              8
   c - Lehudib's Crystal Spear        Conjuration/Earth            8
   d - Glaciate                       Conjuration/Ice              9
   e - Fire Storm                     Conjuration/Fire             9
Miscellaneous
 V - a plain deck of changes
Comestibles
 q - a slice of pizza
 z - 2 fruits


   Skills:
 * Level 11.0 Fighting
 + Level 0.2 Long Blades
   Level 6.3(9.2) Axes
 * Level 8.8(9.4) Maces & Flails
 + Level 0.8 Throwing
 * Level 11.3 Armour
 + Level 4.7 Dodging
 + Level 1.8 Stealth
 * Level 12.0 Shields
 + Level 1.3 Evocations


You had 11 spell levels left.
You didn't know any spells.

Dungeon Overview and Level Annotations

Branches:
Dungeon (10/15)            Temple (0/1) D:5            Lair (2/8) D:10
    Orc: D:9-12

Altars:
Cheibriados
Elyvilon
Fedhas
Okawaru
Qazlal
Ru
Sif Muna
Trog
Vehumet
Zin
The Shining One

Shops:
D:4 [(   D:7 ?

Annotations:
Lair:2 Urug


Innate Abilities, Weirdness & Mutations

Your casting is slightly disrupted.


Message History

Urug hits you with a great sword of holy wrath.
* * * LOW HITPOINT WARNING * * *
You completely miss Urug.
Urug is moderately wounded.
Urug hits you but does no damage.
You thump Urug! You drain Urug!
Urug is severely wounded.
Urug hits you with a great sword of holy wrath.
* * * LOW HITPOINT WARNING * * *
You hit Urug but do no damage.
Urug is severely wounded.
You closely miss Urug.
Urug is severely wounded.
Urug hits you with a great sword of holy wrath!
* * * LOW HITPOINT WARNING * * *
Drink which item? (? for menu, Esc to quit)
It was a potion of brilliance.
You feel clever all of a sudden.
Urug hits you with a great sword of holy wrath!
You die...

..........# #......## #.........
..........# ##.....#.# ##........
P.........###.......####.......##
#....#....##.......###..........#
....#.#P..........##.........####
#.######P..........##.>.....##
####......####...(...#
##...o.##........##
###..@...(......#
#.............## ##....P##......#
#..######.....## ### ##.##
#......## #.### ##...#
##P.....### ##.#.### #...##
#........#. #......###..##
#.......... #..........###
#..........


You could see Urug.

Vanquished Creatures
  A hydra (Lair:1)
  Pikel (D:6)
  A hill giant (D:10)
  Joseph (D:7)
  4 spiny frogs
  A gargoyle (D:10)
  2 komodo dragons (Lair:1)
  A fire drake (Lair:2)
  The ghost of pedritolo the Vexing, a novice SpEn (D:8)
  The ghost of pedritolo the Jinx, a novice SpEn of Dithmenos (D:7)
  2 trolls
  A deep elf mage (D:9)
  Eustachio (D:6)
  A wyvern (D:9)
  3 water moccasins
  34 yaks
  6 wolves
  2 hippogriffs
  2 wargs (D:10)
  Edmund (D:6)
  3 porcupines (Lair:1)
  2 black bears (D:9)
  2 slaves (D:6)
  2 ice beasts (D:6)
  2 sky beasts
  6 orc warriors
  4 centaurs
  3 phantoms
  A wasp (D:10)
  A crocodile (Lair:1)
  3 ogres
  7 giant frogs
  10 big kobolds
  3 scorpions
  21 killer bees
  4 wights
  5 crimson imps
  12 orc priests
  2 centaur zombies
  3 hounds
  2 jellies
  2 quasits
  16 orc wizards
  A centaur skeleton (D:8)
  4 iguanas
  8 worker ants
  A killer bee zombie (D:8)
  A hound zombie (D:6)
  4 gnolls (D:5)
  13 adders
  3 shadow imps
  7 river rats
  5 oozes
  An adder zombie (D:5)
  An adder skeleton (D:5)
  5 worms
  3 giant geckos
  55 orcs
  4 bats
  6 goblins
  7 hobgoblins
  16 jackals
  18 kobolds
  2 quokkas
  4 ball pythons
  4 giant cockroaches
  5 giant newts
  A jackal zombie (D:7)
  A quokka skeleton (D:4)
  15 rats
378 creatures vanquished.

Vanquished Creatures (others)
  A ball python (D:1)
  2 bats (D:1)
  A fungus (Lair:1)
  A plant (Lair:2)
5 creatures vanquished.

Grand Total: 383 creatures vanquished

Notes
Turn   | Place    | Note
--------------------------------------------------------------
     0 | D:1      | magog001 the Hill Orc Fighter began the quest for the Orb.
     0 | D:1      | Reached XP level 1. HP: 19/19 MP: 1/1
   179 | D:1      | Reached XP level 2. HP: 22/27 MP: 2/2
   180 | D:1      | Reached skill level 4 in Fighting
   552 | D:1      | Reached XP level 3. HP: 29/33 MP: 3/3
  1517 | D:2      | Found a glowing golden altar of the Shining One.
  1634 | D:2      | Found an iron altar of Okawaru.
  1725 | D:2      | Reached XP level 4. HP: 30/41 MP: 4/4
  2046 | D:3      | Found a stormy altar of Qazlal.
  2048 | D:3      | Noticed an earth elemental
  2048 | D:3      | Noticed a water elemental
  2049 | D:3      | Noticed a fire elemental
  2049 | D:3      | Noticed an air elemental
  2073 | D:3      | Found a glowing drain.
  2115 | Sewer    | Entered a sewer
  2131 | Sewer    | Noticed a big kobold
  2160 | Sewer    | Killed a big kobold
  2160 | Sewer    | Reached skill level 1 in Dodging
  2160 | Sewer    | Reached XP level 5. HP: 16/47 MP: 5/5
  2429 | Sewer    | Noticed a big kobold
  2456 | Sewer    | Killed a big kobold
  2456 | Sewer    | Reached skill level 5 in Fighting
  2456 | Sewer    | Reached XP level 6. HP: 53/56 MP: 6/6
  2536 | Sewer    | Noticed a big kobold
  2566 | Sewer    | Killed a big kobold
  2628 | Sewer    | Noticed a big kobold
  2644 | Sewer    | Killed a big kobold
  2644 | Sewer    | Reached skill level 5 in Armour
  2651 | Sewer    | Noticed a big kobold
  2694 | Sewer    | Killed a big kobold
  2694 | Sewer    | Reached skill level 5 in Shields
  2694 | Sewer    | Reached XP level 7. HP: 59/61 MP: 7/7
  2806 | Sewer    | Noticed a big kobold
  2825 | Sewer    | Killed a big kobold
  2867 | Sewer    | Noticed a big kobold
  2888 | Sewer    | Killed a big kobold
  2888 | Sewer    | Reached skill level 5 in Axes
  2933 | Sewer    | Noticed a big kobold
  2956 | Sewer    | Killed a big kobold
  3678 | D:4      | Found a radiant altar of Vehumet.
  3902 | D:4      | Reached XP level 8. HP: 48/70 MP: 8/8
  4338 | D:4      | Reached skill level 6 in Fighting
  4408 | D:4      | Found Tippol's Antique Weapon Emporium.
  4463 | D:4      | Found Dixtib's Antique Armour Shop.
  4513 | D:4      | Bought a runed mace for 75 gold pieces
  4544 | D:4      | Bought a runed leather armour for 64 gold pieces
  4690 | D:5      | Entered Level 5 of the Dungeon
  5040 | D:5      | Reached skill level 1 in Maces & Flails
  5257 | D:5      | Found a staircase to the Ecumenical Temple.
  5752 | D:6      | Found a white marble altar of Elyvilon.
  5778 | D:6      | Noticed Pikel
  5794 | D:6      | Killed Pikel
  5794 | D:6      | Reached skill level 7 in Fighting
  5794 | D:6      | Reached skill level 1 in Stealth
  5794 | D:6      | Reached XP level 9. HP: 64/79 MP: 9/9
  5803 | D:6      | Noticed Edmund
  5816 | D:6      | Killed Edmund
  6079 | D:6      | Noticed Eustachio
  6091 | D:6      | Killed Eustachio
  6275 | D:6      | Found a sacrificial altar of Ru.
  6275 | D:6      | Found a snail-covered altar of Cheibriados.
  6275 | D:6      | Found a glowing silver altar of Zin.
  6294 | D:6      | Became a worshipper of Ru the Awakened
  6549 | D:7      | Noticed pedritolo's ghost (novice SpEn)
  6569 | D:7      | Killed pedritolo's ghost
  6569 | D:7      | Reached skill level 8 in Shields
  6680 | D:7      | Got a crystal great sword
  6706 | D:7      | Found Emanef's Magic Scroll Emporium.
  6715 | D:7      | Bought a scroll of enchant armour for 105 gold pieces
  6789 | D:7      | Noticed Joseph
  6815 | D:7      | Killed Joseph
  6952 | D:7      | Reached XP level 10. HP: 88/88 MP: 10/10
  7192 | D:7      | Found a blossoming altar of Fedhas.
  7875 | D:7      | Reached skill level 9 in Shields
  8141 | D:8      | Noticed pedritolo's ghost (novice SpEn)
  8161 | D:8      | Killed pedritolo's ghost
  8727 | D:8      | Gained mutation: Your casting is slightly disrupted. [Ru sacrifice]
  8768 | D:8      | Reached skill level 5 in Maces & Flails
  9308 | D:8      | Found a deep blue altar of Sif Muna.
 10076 | D:9      | Found a bloodstained altar of Trog.
 10218 | D:9      | Reached skill level 10 in Shields
 10262 | D:9      | Reached XP level 11. HP: 61/97 MP: 11/11
 11465 | D:10     | Entered Level 10 of the Dungeon
 11607 | D:10     | Reached skill level 11 in Shields
 11852 | D:10     | HP: 4/97 [orc priest/divine providence (14)]
 12508 | D:10     | Noticed a hill giant
 12556 | D:10     | Killed a hill giant
 12556 | D:10     | Reached skill level 1 in Evocations
 12560 | D:10     | HP: 3/97 [warg (11)]
 12560 | D:10     | HP: 1/97 [warg (2)]
 12974 | D:10     | Paralysed by a wasp for 1 turns
 12979 | D:10     | Paralysed by a wasp for 1 turns
 13440 | D:10     | Found a staircase to the Lair.
 13449 | D:10     | Got a faintly glowing leather armour
 13821 | D:10     | Identified the +2 leather armour of Temperance {+Blink rC++ rCorr Str-5} (You found it on level 10 of the Dungeon)
 13844 | D:10     | Identified the cursed +3 great sword of Xoxkeup {drain, *Corrode rPois Str+4 SInv} (You found it on level 7 of the Dungeon)
 13848 | Lair:1   | Entered Level 1 of the Lair of Beasts
 13906 | Lair:1   | Reached skill level 10 in Armour
 14871 | Lair:1   | HP: 3/99 [wolf (4)]
 15382 | Lair:1   | Reached skill level 10 in Fighting
 15382 | Lair:1   | Reached XP level 12. HP: 84/106 MP: 12/12
 15543 | Lair:2   | Noticed Urug
 16234 | Lair:2   | Noticed a five-headed hydra
 16251 | Lair:1   | Killed a five-headed hydra
 16348 | Lair:1   | Reached skill level 12 in Shields
 17422 | Lair:2   | HP: 2/110 [Urug/great sword of holy wrath (12)]
 17423 | Lair:2   | Mangled by Urug

Action                   |  1- 3 |  4- 6 |  7- 9 | 10-12 || total
-------------------------+-------+-------+-------+-------++-------
Melee: War axe           |   133 |   174 |   181 |       ||   488
       Mace              |       |       |   283 |  1306 ||  1589
       Great sword       |       |       |       |     8 ||     8
Throw: Tomahawk          |       |       |     2 |    11 ||    13
Invok: Sacrifice Essence |       |       |       |     1 ||     1
 Abil: Evoke Invisibilit |       |       |       |     1 ||     1
Evoke: Wand              |       |       |    10 |     7 ||    17
  Use: Scroll            |     5 |       |    17 |     4 ||    26
       Potion            |       |       |    11 |    17 ||    28
 Stab: Invisible         |       |       |       |     5 ||     5
  Eat: Chunk             |     1 |     3 |     8 |     9 ||    21
       Royal jelly       |     1 |       |       |       ||     1
       Meat ration       |       |       |     2 |     2 ||     4
       Bread ration      |       |       |       |     3 ||     3
       Pizza             |       |       |       |     3 ||     3
       Fruit             |       |       |       |     1 ||     1
